AoeStats
← Moul_Thon

Lombardia

509933494Analyzed
2v2 RM · 5d ago on Sep 28, 2026· 88m 4s· 4 players
Game mode
Random Map
Map size
Medium (4 player)
Population
200
Speed
Normal
Resources
Standard
Victory
Conquest
Starting age
Dark Age
Ending age
Imperial Age
RankedLock teamsTeams togetherTeam positionsShared explorationLock speedFull tech treeHidden civsTurbo modeCheats
Victory
Defeat
🇩🇪 Lithuanians · Germany
1253
+21
🇩🇪 Khmer · Germany
1240
+21
🇦🇷 Magyars · Argentina
1411
-23
🇲🇦 Celts · Morocco
1307
-19
Moul_Thon
5:40 Loom
9:39 Feudal Age
15:02 Scale Barding Armor
24:39 Castle Age
24:52 Double-Bit Axe
24:50 Horse Collar
24:45 Pikeman
26:19 Town Watch
28:30 Gold Mining
29:34 Stone Mining
32:23 Forging
34:28 Fletching
38:22 Scale Mail Armor
39:31 Heavy Plow
40:13 Chain Mail Armor
43:50 Imperial Age
42:01 Wheelbarrow
41:51 Bow Saw
42:46 Gold Shaft Mining
43:59 Stone Shaft Mining
44:18 Bodkin Arrow
44:27 Onager
50:48 Halberdier
52:22 Gambesons
53:10 Plate Mail Armor
55:30 Hand Cart
58:55 Iron Casting
61:26 Town Patrol
63:06 Blast Furnace
72:56 Arson
German3333
11:02 Feudal Age
16:10 Castle Age
14:23 Double-Bit Axe
14:57 Horse Collar
16:11 Fletching
18:23 Bodkin Arrow
22:03 Husbandry
23:45 Bloodlines
23:56 Padded Archer Armor
25:01 Loom
27:51 Ballistics
28:10 Leather Archer Armor
31:52 Thumb Ring
35:40 Town Watch
40:28 Imperial Age
38:52 Bow Saw
41:10 Bracer
42:11 Chemistry
41:45 Parthian Tactics
42:15 Recurve Bow
42:37 Conscription
42:59 Heavy Cavalry Archer
47:39 Ring Archer Armor
55:40 Murder Holes
57:35 Masonry
61:03 Scale Barding Armor
60:20 Light Cavalry
61:10 Cavalier
61:16 Hussar
62:52 Chain Barding Armor
66:27 Plate Barding Armor
75:05 Gold Mining
77:45 Wheelbarrow
78:06 Caravan
CyMan
6:45 Loom
9:10 Feudal Age
11:59 Double-Bit Axe
11:55 Horse Collar
16:56 Gold Mining
19:39 Castle Age
17:54 Forging
19:01 Scale Barding Armor
19:08 Bloodlines
21:22 Husbandry
22:15 Wheelbarrow
24:25 Chain Barding Armor
29:34 Heavy Plow
33:03 Stone Mining
33:28 Bow Saw
34:12 Town Watch
35:42 Iron Casting
38:19 Coinage
38:15 Fletching
41:48 Imperial Age
40:04 Treadmill Crane
40:36 Masonry
40:21 Bodkin Arrow
42:28 Ballistics
41:49 Cavalier
43:08 Plate Barding Armor
43:16 Conscription
43:15 Hand Cart
43:19 Murder Holes
43:09 Light Cavalry
44:50 Bracer
46:45 Winged Hussar
51:16 Chemistry
54:14 Padded Archer Armor
56:09 Architecture
55:48 Elite Skirmisher
58:16 Leather Archer Armor
59:40 Ring Archer Armor
61:09 Two-Man Saw
62:03 Thumb Ring
70:42 Town Patrol
76:33 Banking
77:44 Caravan
Kakkabart
6:50 Loom
9:40 Feudal Age
10:16 Double-Bit Axe
12:40 Horse Collar
13:39 Fletching
20:48 Castle Age
19:38 Gold Mining
19:54 Padded Archer Armor
21:02 Crossbowman
21:39 Bodkin Arrow
24:23 Town Watch
25:13 Wheelbarrow
25:50 Bow Saw
27:20 Ballistics
30:38 Stone Mining
35:44 Imperial Age
33:35 Hand Cart
37:05 Light Cavalry
38:36 Bracer
39:20 Gold Shaft Mining
39:32 Arbalester
41:11 Leather Archer Armor
41:24 Forging
41:19 Scale Barding Armor
41:29 Bloodlines
41:20 Husbandry
43:18 Chemistry
42:30 Masonry
43:29 Hussar
50:28 Elite Ballista Elephant
52:49 Chain Barding Armor
53:00 Ring Archer Armor
53:06 Iron Casting
53:33 Conscription
54:48 Double Crossbow
58:23 Plate Barding Armor
58:49 Blast Furnace
57:51 Scale Mail Armor
60:38 Pikeman
61:04 Arson
61:45 Halberdier
63:17 Chain Mail Armor
77:36 Heavy Plow
78:42 Elite Skirmisher
Connection lost

Rejoining the realm…

Still unreachable

The connection could not be restored.

Session expired

The server has moved on; the page needs a fresh start.